badnik, neutral male gnomish Archeologist ---+----------- -.............| |.............. |.............| |.....HHH.....| |.....@H......| --------------- badnik the Field Worker Experience level: 3 Strength: 12 Dexterity: 9 Constitution: 11 Intelligence: 17 Wisdom: 17 Charisma: 10 Health: 0(26) Energy: 21(21) Def: 1 Gold: 250 Moves: 673 Dungeon seed: 3XZbo5_CCrZipMX9 Game ID: badnik_1498645714 Your Inventory: Coins $ - 250 gold pieces Weapons a - a +2 bullwhip Armor e - an uncursed +0 leather jacket (being worn) n - a blessed +0 fedora (being worn) Comestibles b - 5 uncursed food rations Scrolls h - an uncursed scroll of confuse monster i - an uncursed scroll of remove curse Tools c - a +0 pick-axe (weapon in hand) d - a tinning kit (0:59) f - an uncursed sack g - an uncursed oil lamp (0:1243) Gems q - an uncursed touchstone Spells and supernatural/magical abilities: Name Level Category Fail Memory W - pray for help -- divine ? -- Your skills at the end: Fighting Skills Weapon Skills pick-axe [Basic] whip [Basic] Spellcasting Skills Final Attributes: You had transgressed. You had infravision. You were stealthy. You were fast. You are dead. Vanquished creatures: a kitten a kobold 2 creatures vanquished. Voluntary challenges: You went without food. You were an atheist. You used a wielded weapon 4 times, starting on turn 2. You were illiterate. You never genocided any monsters. You never polymorphed an object. You never changed form. You used no wishes. You never split a pudding. You never wrote Elbereth's name. You violated your moral code, losing 24 points of alignment, starting on turn 2. Dungeon overview: The Dungeons of Doom: levels 1 to 24 Level 1 a long staircase Level 2 Level 3 Level 4 Level 5 Level 6 Level 7 Level 8 Level 9 Level 10 Level 11 Level 12 Level 13 Level 14 Level 15 Level 16 Level 17 Level 18 Level 19 Level 20 Level 21 a fountain Level 22 Level 23 Level 24 <- You were here History has recorded: On T:1 you entered the Dungeons of Doom to retrieve the Amulet of Yendor! On T:2 you advanced to experience level 2. On T:25 you reached level 2 of The Dungeons of Doom. On T:45 you reached level 3 of The Dungeons of Doom. On T:75 you reached level 4 of The Dungeons of Doom. On T:79 you advanced to experience level 3. On T:85 you reached level 5 of The Dungeons of Doom. On T:144 you reached level 6 of The Dungeons of Doom. On T:175 you reached level 7 of The Dungeons of Doom. On T:199 you reached level 8 of The Dungeons of Doom. On T:218 you reached level 9 of The Dungeons of Doom. On T:266 you reached level 10 of The Dungeons of Doom. On T:289 you reached level 11 of The Dungeons of Doom. On T:311 you reached level 12 of The Dungeons of Doom. On T:352 you reached level 13 of The Dungeons of Doom. On T:376 you reached level 14 of The Dungeons of Doom. On T:379 you reached level 15 of The Dungeons of Doom. On T:406 you reached level 16 of The Dungeons of Doom. On T:433 you reached level 17 of The Dungeons of Doom. On T:471 you reached level 18 of The Dungeons of Doom. On T:514 you reached level 19 of The Dungeons of Doom. On T:539 you reached level 20 of The Dungeons of Doom. On T:558 you reached level 21 of The Dungeons of Doom. On T:618 you reached level 22 of The Dungeons of Doom. On T:640 you reached level 23 of The Dungeons of Doom. On T:671 you reached level 24 of The Dungeons of Doom. Score breakdown: Gold: 250 ( 8162 points) Experience: 3 levels ( 7878 points) Exploration: 24 levels ( 48.00%) (20553 points) Discoveries: 1 item ( 0.34%) ( 1740 points) Valuables value: (no points given unless you survive) Artifact value: 0 ( 0 points) Variety of kills: 2 monsters ( 0.52%) ( 2173 points) Turncount: 673 turns ( 0 points) Survival: died (score multiplied by 80%) Total score: 32404 Latest messages: You attack thin air. You attack thin air. You attack thin air. You attack thin air. You attack thin air. You are still in a pit. You continue digging downward. (9x) You dig a hole through the floor. You fall through... The hill giant hits! You start digging downward. You continue digging downward. The hill giant hits! You continue digging downward. The hill giant hits! You die... The sack is empty. The sack is empty. Final status: Goodbye badnik the Archeologist, killed by a hill giant... You died in The Dungeons of Doom on dungeon level 24 with 32404 points, and 250 pieces of gold, after 673 moves. You were level 3 with a maximum of 26 hit points when you died.